 Dungeon Crawl Stone Soup version 0.31-b1-22-gc680215f68 (webtiles) character file.

Game seed: 16699456058243482092

619 Arctor the Shooter (level 7, -2/42 HPs)
             Began as a Kobold Hexslinger on Jan 19, 2024.
             Slain by a sky beast (5 damage)
             ... on level 6 of the Dungeon.
             The game lasted 00:05:47 (2325 turns).

Arctor the Shooter (Kobold Hexslinger)              Turns: 2325, Time: 00:05:48

Health: -2/42      AC:  9    Str:  2    XL:     7   Next: 74%
Magic:  12/12      EV: 10    Int: 15    God:
Gold:   61         SH:  0    Dex: 19    Spells: 9/13 levels left

rFire   + . .        p - +0 sling (drain)
rCold   + . .        (no shield)
rNeg    + . .        i - quicksilver dragon scales of Joimn {rF+ rN+ Will+ Regen+ Str-3}
rPois   .            (no helmet)
rElec   .            (no cloak)
rCorr   +            (no gloves)
SInv    .            (no boots)
Will    ++...        e - amulet of magic regeneration
Stlth   ++           d - ring of resist corrosion
HPRegen 1.07/turn    h - ring of protection from cold
MPRegen 0.53/turn

%: no passive effects
@: enlightened, flying
A: small, no large weapons, nightstalker 3
a: no special abilities


You were on level 6 of the Dungeon.
You visited 1 branch of the dungeon, and saw 4 of its levels.

You collected 1267 gold pieces.
You spent 1206 gold pieces at shops.

Inventory:

Hand Weapons
 a - a +1 sling
 p - a +0 sling of draining (weapon)
 v - a +0 shortbow
Armour
 c - a +0 robe
 i - the quicksilver dragon scales of Joimn (worn) {rF+ rN+ Will+ Regen+ Str-3}
   (You bought it in a shop on level 2 of the Dungeon)

   Str-3:     It affects your strength (-3).
   rF+:       It protects you from fire.
   rN+:       It protects you from negative energy.
   Will+:     It increases your willpower.
   Regen+:    It increases your rate of health regeneration.
 n - a +1 pair of gloves
Magical Staves
 k - a staff of air
Jewellery
 d - a ring of resist corrosion (left hand)
 e - an amulet of magic regeneration (around neck)
 h - a ring of protection from cold (right hand)
 j - a ring of ice
 u - an amulet of faith
Wands
 s - a wand of roots (8)
Scrolls
 b - a scroll of poison
 f - a scroll of amnesia
 l - a scroll of identify
 q - a scroll of fear
 r - a scroll of blinking
 t - a scroll of fog
Potions
 g - a potion of curing
 m - 3 potions of enlightenment
 o - 3 potions of heal wounds


   Skills:
 + Level 3.7 Fighting
 + Level 5.2 Ranged Weapons
 + Level 4.6 Dodging
 + Level 3.5 Spellcasting
 + Level 4.5 Hexes
 - Level 1.4 Fire Magic


You had 9 spell levels left.
You knew the following spells:

 Your Spells              Type           Power      Damage    Failure   Level
a - Jinxbite              Hex            32%        N/A       50%         2
b - Searing Ray           Conj           4%         2d4       98%         2

Your spell library contained the following spells:

 Spells                   Type           Power      Damage    Failure   Level
 Sigil of Binding         Hex            16%        N/A       75%         3
 Inner Flame              Hex/Fire       11%        N/A       91%         3
 Magic Dart               Conj           8%         1d3       94%         1
 Cause Fear               Hex            8%         N/A       98%         4
 Dimensional Bullseye     Hex/Tloc       4%         N/A       100%        4
 Fulminant Prism          Conj/Alch      1%         3d5       100%        4


Dungeon Overview and Level Annotations

Branches:
Dungeon (3/15)

Altars:
Trog

Shops:
D:2 (?:[!

Annotations:
D:2 2 transporters


Innate Abilities, Weirdness & Mutations

You are small and have problems with some larger weapons.
You are completely attuned to the shadows.


Message History

The sling bullet closely misses the bullfrog.
The bullfrog hits you. The sky beast closely misses you.
The bullfrog hits you but does no damage.
The sky beast barely misses you.
You shoot a sling bullet.
The sling bullet closely misses the bullfrog.
The bullfrog hits you. x2; The sky beast closely misses you.
The bullfrog hits you but does no damage.
You shoot a sling bullet. The sling bullet hits the bullfrog!
You drain the bullfrog.
The bullfrog is almost dead.
The bullfrog hits you but does no damage.
The sky beast barely misses you. The bullfrog closely misses you.
The sky beast hits you but does no damage.
Okay, then.
You shoot a sling bullet. The sling bullet hits the bullfrog.
The bullfrog is almost dead.
The bullfrog hits you but does no damage.
The sky beast barely misses you.
The bullfrog hits you but does no damage.
You shoot a sling bullet.
The sling bullet barely misses the bullfrog.
The bullfrog hits you but does no damage.
The sky beast hits you. The sky beast shocks you.
* * * LOW HITPOINT WARNING * * *
The bullfrog hits you but does no damage.
The sky beast hits you but does no damage.
You shoot a sling bullet. The sling bullet hits the bullfrog.
You kill the bullfrog!
The sky beast hits you but does no damage.
You shoot a sling bullet.
The sling bullet hits the sky beast but does no damage.
The sky beast hits you.
* * * LOW HITPOINT WARNING * * *
The sky beast shocks you.
* * * LOW HITPOINT WARNING * * *
The sky beast hits you.
* * * LOW HITPOINT WARNING * * *
The sky beast shocks you.
You die...

###..# #....# .....## ......#
......# ......### . .......†####
##.. #..........#########.... .
###.............@†...$.. #
.####............Y...... #
.#########...........### ##
.......# ############# ##.
..##########.# ###.####### ##..
...## ##.##.# #.........###...
....####...#.#####.#.....#.##....
..).'.................#.....'....
....####...#.#####...###...##....


You could see a sky beast.

Vanquished Creatures
  A sky beast (D:6)
  An ogre (D:6)
  A centaur (D:6)
  A bullfrog (D:6)
  A scorpion (D:3)
  An orc priest (D:3)
  A hound (D:2)
  Natasha (D:3)
  Ijyb (D:3)
  4 adders
  A white imp (D:6)
  An ufetubus (D:6)
  2 dart slugs
  3 ribbon worms
  10 orcs
  6 ball pythons
  5 endoplasms
  3 giant cockroaches
  4 goblins (D:1)
  4 hobgoblins
  3 jackals (D:2)
  3 quokkas
  6 bats
  3 frilled lizards
  5 kobolds
  8 rats
80 creatures vanquished.

Notes
Turn   | Place    | Note
-------+----------+-------------------------------------------
     0 | D:1      | Arctor the Kobold Hexslinger began the quest for the Orb.
     0 | D:1      | Reached XP level 1. HP: 12/12 MP: 2/2
   171 | D:1      | Reached XP level 2. HP: 16/16 MP: 3/3
   339 | D:1      | Reached skill level 3 in Ranged Weapons
   636 | D:1      | Reached XP level 3. HP: 20/20 MP: 5/5
   889 | D:1      | Learned a level 2 spell: Jinxbite
   914 | D:2      | Learned a level 2 spell: Searing Ray
   933 | D:2      | Identified a scroll of acquirement
   982 | D:2      | Found a transporter.
  1009 | D:2      | Found Gafa's Armour Boutique.
  1021 | D:2      | Acquired 1108 gold pieces
  1024 | D:2      | Bought the quicksilver dragon scales of Joimn {rF+ rN+
                  | Will+ Regen+ Str-3} for 1006 gold pieces
  1050 | D:2      | Reached XP level 4. HP: 25/26 MP: 6/6
  1103 | D:2      | Found Ciwoy's Distillery.
  1140 | D:2      | Bought a potion of heal wounds for 50 gold pieces
  1140 | D:2      | Bought a potion of heal wounds for 50 gold pieces
  1140 | D:2      | Bought a potion of heal wounds for 50 gold pieces
  1140 | D:2      | Bought a potion of heal wounds for 50 gold pieces
  1227 | D:2      | Found Xoibuij's Magic Scroll Boutique.
  1251 | D:2      | Found Bixzot's Weapon Emporium.
  1280 | D:2      | Found a transporter.
  1312 | D:2      | Found Jyclugar's Book Shop.
  1504 | D:3      | Reached XP level 5. HP: 18/31 MP: 8/8
  1589 | D:3      | Found a bloodstained altar of Trog.
  1694 | D:3      | Reached skill level 4 in Ranged Weapons
  1694 | D:3      | Reached XP level 6. HP: 36/36 MP: 9/9
  1724 | D:3      | Found a faded altar of an unknown god.
  1774 | D:3      | Noticed Ijyb
  1782 | D:3      | Killed Ijyb
  1846 | D:3      | Noticed Natasha
  1851 | D:3      | Killed Natasha
  1980 | D:3      | You fall into a shaft and drop 3 floors!
  2114 | D:6      | Noticed an ogre
  2120 | D:6      | Killed an ogre
  2121 | D:6      | Reached XP level 7. HP: 41/41 MP: 11/11
  2262 | D:6      | Reached skill level 5 in Ranged Weapons
  2325 | D:6      | Slain by a sky beast

Illustrated notes

Levels and vault maps discovered:
D:1:      lemuel_arrival_muddy, layout_basic, dk_noncrumbling_2,
          serial_bayou_crossing
D:2:      layout_rooms, serial_shops, nicolae_shop_crystal,
          nicolae_shop_drivethru, nicolae_square_shop, shop, shop
D:3:      layout_loops_ring, general_overflow_altar,
          nicolae_overflow_hidden_temple, dreamdust_ecumenical_altar_statues,
          uniq_natasha, uniq_ijyb
D:6:      kennysheep_spiral_hall, layout_loops_corners

Skill      XL: |  1  2  3  4  5  6  7 |
---------------+----------------------+-----
Ranged Weapons | 3 4 5 |  5.2
Dodging        | 3 4 |  4.6
Fighting       | 2 3 |  3.7
Spellcasting   | 2 3 |  3.5
Hexes          | 4 |  4.5
Fire Magic     | |  1.4

Action                     |  1- 3 |  4- 6 |  7- 9 || total
---------------------------+-------+-------+-------++-------
   Fire: Sling             |    85 |   154 |    45 ||   284
    Use: Scroll            |     4 |     6 |       ||    10
         Potion            |       |       |     3 ||     3
 Armour: Robe              |     6 |       |       ||     6
         Quicksilver drago |     4 |   103 |   108 ||   215
  Dodge: Dodged            |    33 |    75 |    52 ||   160
